 Dungeon Crawl Stone Soup version 0.20-a0 (webtiles) character file.

535 Jivvin the Chopper (level 7, -11/62 HPs)
             Began as a Hill Orc Abyssal Knight on Oct 27, 2016.
             Was a Priest of Lugonu.
             Mangled by an ogre
             ... wielding a +0 giant spiked club
              (26 damage)
             ... on level 4 of the Dungeon.
             The game lasted 00:06:11 (6284 turns).

Jivvin the Chopper (Hill Orc Abyssal Knight)        Turns: 6284, Time: 00:06:12

Health: -11/62     AC:  4    Str: 17    XL:     7   Next: 25%
Magic:  11/11      EV: 10    Int: 12    God:    Lugonu [***...]
Gold:   136        SH:  0    Dex: 10    Spells: 0 memorised, 6 levels left

rFire  . . .     SeeInvis .     e - +0 hand axe (freeze)
rCold  . . .     Gourm    .     o - -1 ring mail (curse)
rNeg   . . .     Faith    .     (no shield)
rPois  .         Spirit   .     (no helmet)
rElec  .         Reflect  .     (no cloak)
rCorr  .         Harm     .     (no gloves)
MR     .....                    (no boots)
Stlth  ..........               (no amulet)
                                (no ring)
                                (no ring)

@: no status effects
A: no striking features
a: Depart the Abyss, Bend Space, Banish, Renounce Religion


You were on level 4 of the Dungeon.
You worshipped Lugonu.
Lugonu was most pleased with you.
You were not hungry.

You visited 1 branch of the dungeon, and saw 4 of its levels.
You visited the Abyss 1 time.

You collected 136 gold pieces.

Inventory:

Hand Weapons
 e - a +0 hand axe of freezing (weapon)
Armour
 b - a +0 leather armour
 o - a cursed -1 ring mail (worn)
Scrolls
 d - a scroll of identify
Potions
 a - a potion of lignification
Comestibles
 c - 3 bread rations
 f - 2 slices of pizza
 g - a beef jerky
 h - 3 meat rations
 l - 2 fruits


   Skills:
 + Level 5.7 Fighting
 * Level 7.3 Axes
 - Level 2.1 Armour
 - Level 0.7 Dodging
 + Level 5.5 Invocations


You had 6 spell levels left.
You didn't know any spells.

Dungeon Overview and Level Annotations

Branches:
Dungeon (4/15)
 Temple: D:4-7

Altars:
Kikubaaqudgha
Makhleb
Nemelex Xobeh
Sif Muna

Annotations:
D:3 Qqwix's ghost, amateur MiBe


Message History

The ogre is moderately wounded.
The ogre hits you but does no damage.
You completely miss the ogre.
The ogre is moderately wounded.
You hit the ogre. You freeze the ogre.
The ogre is heavily wounded.
The ogre hits you with a giant spiked club!
You hit the ogre. You freeze the ogre.
The ogre is severely wounded.
The ogre hits you with a giant spiked club!!
You hit the ogre. You freeze the ogre.
The ogre is severely wounded.
You hit the ogre. You freeze the ogre.
The ogre is almost dead.
The ogre hits you with a giant spiked club!
* * * LOW HITPOINT WARNING * * *
Unknown command.
You feel better.
The ogre hits you with a giant spiked club!!
You die...

... #.# #.# ...
###.###.#### ..
............
###.#######.###.####
...................
#..######.###.####
###.######.###.# ## ...
#...........##.# .#
...$####.@.........##.# .#
......$..O.........##.#>..
.#.
...................##.#.##
...
...................##..
...
...................####
... ...................#
... ##.................#
.#. #######......... ##
#.........


You could see an ogre.

Vanquished Creatures
  A phantom (D:3)
  A bullfrog (D:3)
  3 orc priests
  A bullfrog skeleton (D:4)
  Ijyb (D:2)
  2 worker ants (D:4)
  3 gnolls (D:3)
  5 adders
  2 oozes
  3 worms
  2 dart slugs
  3 leopard geckos
  10 orcs
  3 ball pythons
  10 goblins
  12 hobgoblins
  4 jackals (D:1)
  10 kobolds
  3 quokkas
  8 bats
  A frilled lizard (D:2)
  12 rats
100 creatures vanquished.

Notes
Turn   | Place    | Note
-------+----------+-------------------------------------------
     0 | Abyss:1  | Jivvin the Hill Orc Abyssal Knight began the quest for the Orb.
     0 | Abyss:1  | Reached XP level 1. HP: 19/19 MP: 2/2
    33 | Abyss:1  | Found a corrupted altar of Lugonu.
   193 | Abyss:1  | Noticed a large abomination
   242 | Abyss:1  | Noticed a spatial maelstrom
   246 | Abyss:1  | Noticed a spatial vortex
   247 | D:1      | Escaped the Abyss
   311 | D:1      | Reached skill level 3 in Axes
   329 | D:1      | Reached XP level 2. HP: 13/27 MP: 3/3
   516 | D:1      | Reached * piety under Lugonu
   649 | D:1      | Reached XP level 3. HP: 33/33 MP: 5/5
   972 | D:2      | Reached skill level 4 in Axes
   979 | D:2      | Found a burning altar of Makhleb.
  1707 | D:2      | Found a deep blue altar of Sif Muna.
  1770 | D:2      | Reached XP level 4. HP: 14/40 MP: 6/6
  1778 | D:2      | Noticed Ijyb
  1786 | D:2      | Reached ** piety under Lugonu
  1793 | D:2      | Killed Ijyb
  2135 | D:2      | Found an ancient bone altar of Kikubaaqudgha.
  2381 | D:3      | Noticed Qqwix's ghost (amateur MiBe)
  2965 | D:3      | Found a sparkling altar of Nemelex Xobeh.
  2994 | D:3      | Reached skill level 5 in Axes
  3247 | D:3      | Reached XP level 5. HP: 25/47 MP: 7/7
  3293 | D:3      | Noticed a phantom
  3314 | D:3      | Killed a phantom
  4078 | D:2      | Reached skill level 5 in Fighting
  4078 | D:2      | Reached skill level 6 in Axes
  4078 | D:2      | Reached XP level 6. HP: 56/56 MP: 9/9
  4179 | D:3      | Reached skill level 5 in Invocations
  4225 | D:3      | HP: 2/56 [bullfrog (1)]
  4932 | D:3      | Reached XP level 7. HP: 27/61 MP: 10/10
  5316 | D:4      | Reached skill level 7 in Axes
  5864 | D:4      | Reached *** piety under Lugonu
  6284 | D:4      | Mangled by an ogre

Vault maps used:
D:1:      zelgadis_glass_arrival_small
D:2:      lemuel_blue_sif_altar, kiku_gazebo_pond_becter, bloody_makhleb,
          uniq_iyjb
D:3:      nemelex_xobeh_ov_fountains_minmay, first_bread
D:4:      chequers_temple_overflow_minitemple, moated_statue

Skill      XL: |  1  2  3  4  5  6  7 |
---------------+----------------------+-----
Axes           | 3 4 5 6 7 |  7.3
Fighting       | 4 5 |  5.7
Invocations    | 3 4 5 |  5.5
Armour         | |  2.1
Dodging        | |  0.7

Action                   |  1- 3 |  4- 6 |  7- 9 || total
-------------------------+-------+-------+-------++-------
Melee: Hand axe          |   141 |   181 |    75 ||   397
Invok: Depart the Abyss  |     1 |       |       ||     1
  Use: Scroll            |     6 |     5 |     1 ||    12
       Potion            |     3 |     6 |     2 ||    11
 Stab: Invisible         |       |     6 |       ||     6
       Distracted        |       |     1 |       ||     1
  Eat: Chunk             |     3 |     5 |       ||     8
       Bread ration      |       |     2 |     1 ||     3
Armor: Leather armour    |    15 |       |       ||    15
       Ring mail         |    14 |    35 |    12 ||    61
Dodge: Dodged            |    81 |   109 |    30 ||   220
